 BcadrenCrawl: Boulder Brew version 0.05.32 (webtiles) character file.

Game seed: 15584970330448331052, levelgen mode: deterministic

160 BR41ND34D the Sneak (level 5, -1/36 HPs) Oozomorph Demonspawn. Began on Oct 4, 2021. Slain by a sewer rat (5 damage) ... on level 1 of the Dungeon. The game lasted 00:08:00 (1480 turns).

BR41ND34D the Sneak (Oozomorph Demonspawn)          Turns: 1480, Time: 00:08:00

Health: -1/36      AC:  4    Str: 16    XL:     5 ^: 151
Magic:  7/7        EV: 11    Int: 12    God:
Gold:   32         SH:  0    Dex: 12    Spells: 6/7 levels left

rFire    . . .     Vision   .   a - +0 rapier
rCold    . . .     Gourm    .   (no weapon)
rNeg     . . .     Faith    .   b - +0 leather armour
rCorr    + + +     Spirit   .   c - +0 pair of boots
rPois    .         Reflect  .   (no armour)
rElec    .         Harm     .   (no armour)
MR       .....                  (no armour)
Stlth    ++........             (no armour)
HPRegen  0.22/turn              (nothing subsumed)
MPRegen  0.17/turn              (no amulet)
                                (no ring)
                                (no ring)

@: no status effects
A: claws 2, rot immunity, cytoplasmic subsumption, amorphous body, gelatinous
body 1
a: Subsume Item


You were on level 1 of the Dungeon.
You were not hungry.

You visited 1 branch of the dungeon, and saw 2 of its levels.

You collected 32 gold pieces.

Inventory:

Weapons
 a - a +0 rapier (weapon)
Armour
 b - a +0 leather armour (worn)
 c - a +0 pair of boots (worn)
Scrolls
 f - a scroll of teleportation
Potions
 e - a potion of haste
Comestibles
 d - 3 rations


   Skills:
 * Level 2.8 Fighting
 + Level 2.6 Short Blades
 + Level 2.8 Dodging
 - Level 3.0 Stealth
 + Level 1.9 Spellcasting
 + Level 2.5 Fire Magic
   Level 2.6 Invocations


You had 6 spell levels left.
You knew the following spells:

 Your Spells              Type           Power        Failure   Level  Hunger
a - Flame Tongue          Fire           7 (30)       11%         1    17-37

Your spell library contained the following spells:

 Spells                   Type           Power        Failure   Level  Hunger
 Slow Hex 1 (100) 30% 1 17-37 Conjure Flame Fire 7 (100) 32% 3 97-157 Blink Tloc N/A 43% 2 57-97 Call Imp Summ 1 (100) 43% 2 57-97 Mephitic Cloud Pois/Air       1 (100)      67%         3    97-157


Dungeon Overview and Level Annotations

Branches:
Dungeon (2/8)

Altars:


Innate Abilities, Weirdness & Mutations

You have claws for hands. (+6 Unarmed)
You are immune to rotting.
You may subsume any weapon, armour, or jewellery into your cytoplasm to benefit from its magical properties.
Your body is completely amorphous, allowing you to wear any combination of armour.
You have seven amorphous slots; replacing the normal gear slots.
Body armours and bardings take two slots, all other armours take one.
Your gelatinous form is immune to acid, constriction and sticky flames. (rCorr+, Slime)


Message History

You hit the sewer rat but do no damage. You closely miss the sewer rat.
The sewer rat is heavily wounded. (5/11) HP The sewer rat closely misses you (0).
The sewer rat barely misses you (0).
You hit the sewer rat but do no damage. The sewer rat blocks your attack.
The sewer rat is heavily wounded. (6/11) HP The sewer rat bites you (4).
* * * LOW HITPOINT WARNING * * *
The sewer rat closely misses you (0). x2
You hit the sewer rat but do no damage. You scratch the sewer rat (3).
The sewer rat is severely wounded. (3/11) HP The sewer rat barely misses you (0).
The sewer rat closely misses you (0).
You hit the sewer rat (4).
You kill the sewer rat!
You hear a splash.
The sewer rat closely misses you (0).
You hit the sewer rat (2).
You scratch the sewer rat but do no damage.
The sewer rat is lightly wounded. (9/11) HP The sewer rat bites you (5).
You die...

##.......#..#....#.# #.#.#
##...............#.# #.#.#
.......####......#.### #.#.#
.#.....#...).†.......####.#.#
.#.....#.##...............#.#
.####..#....#.....##.######.#
.####...###.#.....##.# #.#
............########.# #.#
#...........≈≈≈≈@# #.# #.#
#.#.........≈≈≈†r# #.######.#
#............≈≈≈≈# #........#
#..............≈≈# ##########
###.####..#.....≈##
#...............#.#
..........###..##.#
............#..##.########
.......)#.#.#............#


You could see a submerged sewer rat.

Vanquished Creatures
  5 giant cockroaches
  5 sewer rats
  A cinder newt (D:1)
  An ooze (D:1)
  A worm (D:2)
  3 ball pythons
  A bat (D:1)
  3 goblins (D:1)
  2 hobgoblins (D:1)
  4 kobolds (D:1)
  A bat skeleton (D:2)
  6 rats (D:1)
33 creatures vanquished.

Vanquished Creatures (others)
  A jelly (D:2)
  2 giant cockroaches (D:2)
  2 giant blowflies (D:2)
  A slimehead (D:2)
  37 withered plants (D:2)
43 creatures vanquished.

Grand Total: 76 creatures vanquished

Notes
Turn   | Place    | Note
-------+----------+-------------------------------------------
     0 | D:1      | BR41ND34D the Oozomorph Demonspawn began the quest for the
                  | Orb.
     0 | D:1      | Reached XP level 1. HP: 13/13 MP: 2/2
    50 | D:1      | Gained mutation: You are immune to rotting. [demonic
                  | ancestry]
    50 | D:1      | Reached XP level 2. HP: 18/18 MP: 4/4
    78 | D:1      | Gained mutation: You have sharp fingernails. (+3 Unarmed)
                  | [demonic ancestry]
    78 | D:1      | Reached XP level 3. HP: 10/24 MP: 1/5
   253 | D:1      | Reached skill level 3 in Stealth
   370 | D:1      | Gained mutation: You have claws for hands. (+6 Unarmed)
                  | [demonic ancestry]
   370 | D:1      | Reached XP level 4. HP: 29/29 MP: 6/6
  1330 | D:2      | Reached XP level 5. HP: 19/35 MP: 7/7
  1480 | D:1      | Slain by a sewer rat

Levels and vault maps discovered:
D:1:      dpeg_arrival_solitude, layout_basic, kennysheep_pointless_box,
          minmay_misc_feat_encased, portal_sewer_entry_b
D:2:      layout_sewer, sewer_frog_spiral, serial_park_tiny_1,
          hangedman_abyss_or_decor_stabs, minmay_statues_item,
          minmay_lizard_pond

Skill      XL: |  1  2  3 |
---------------+----------+-----
Fighting       | 2 |  2.8
Stealth        | 3 |  3.0
Short Blades   | |  2.6
Dodging        | |  2.8
Spellcasting   | |  1.9
Fire Magic     | |  2.5
Invocations    | |  2.6

Action                   |  1- 3 |  4- 6 || total
-------------------------+-------+-------++-------
Melee: Rapier            |    43 |    71 ||   114
       Unarmed           |    34 |    61 ||    95
 Cast: Flame Tongue      |    11 |     3 ||    14
 Stab: Sleeping          |       |     1 ||     1
  Eat: Ration            |       |     1 ||     1
Armor: Skin              |    18 |    24 ||    42
Dodge: Dodged            |    36 |    58 ||    94
